 Dungeon Crawl Stone Soup version 0.24-a0-520-g8fd06ad0bc (webtiles) character file.

Game seed: 11278255118366295939

97 nikopol the Chopper (level 4, 0/41 HPs)
             Began as a Minotaur Berserker on July 24, 2019.
             Was a Believer of Trog.
             Succumbed to an adder's poison
             ... on level 2 of the Dungeon.
             The game lasted 00:01:33 (811 turns).

nikopol the Chopper (Minotaur Berserker)             Turns: 811, Time: 00:01:34

Health: 0/41       AC:  2    Str: 22    XL:     4   Next: 42%
Magic:  3/3        EV: 12    Int:  4    God:    Trog [**....]
Gold:   72         SH:  0    Dex: 10    Spells: 3/3 levels left

rFire    . . .     SeeInvis .   a - +0 hand axe
rCold    . . .     Gourm    .   (no shield)
rNeg     . . .     Faith    .   b - +0 animal skin
rPois    .         Spirit   .   (helmet restricted)
rElec    .         Reflect  .   (no cloak)
rCorr    .         Harm     .   (no gloves)
MR       .....                  (no boots)
Stlth    +.........             (no amulet)
HPRegen  0.13/turn              (no ring)
MPRegen  0.08/turn              (no ring)

@: lethally poisoned (0 -> -7), berserk cooldown, slowed, very slow
A: retaliatory headbutt, horns 2
a: Berserk, Trog's Hand, Renounce Religion


You were on level 2 of the Dungeon.
You worshipped Trog.
Trog was pleased with you.
You were hungry.

You visited 1 branch of the dungeon, and saw 2 of its levels.

You collected 72 gold pieces.

Inventory:

Hand Weapons
 a - a +0 hand axe (weapon)
Missiles
 o - 21 arrows
Armour
 b - a +0 animal skin (worn)
Jewellery
 f - an uncursed ring of wizardry {unknown}
Scrolls
 g - a scroll of fear {unknown}
 k - a scroll of identify {unknown}
 m - a scroll of teleportation {unknown}
Potions
 d - a potion of agility {unknown}
 e - a potion of cancellation {unknown}
 h - a potion of flight {unknown}
 i - 3 potions of might {unknown}
 j - a potion of invisibility {unknown}
 l - a potion of berserk rage {unknown}
 n - a potion of curing {unknown}
Comestibles
 c - 3 rations


   Skills:
 + Level 4.7 Fighting
 + Level 5.0 Axes
 + Level 2.8 Armour
 + Level 2.7 Dodging


You had 3 spell levels left.
You didn't know any spells.
Your spell library was empty.

Dungeon Overview and Level Annotations

Branches:
Dungeon (2/15)

Altars:
Gozag


Innate Abilities, Weirdness & Mutations

You reflexively headbutt those who attack you in melee.
You have a pair of horns on your head.


Message History

You are exhausted.
You feel yourself slow down.
You closely miss the adder.
You headbutt the adder, but do no damage.
The adder is heavily wounded.
The adder bites you.
* * * LOW HITPOINT WARNING * * *
The adder closely misses you.
You closely miss the adder. You headbutt the adder.
The adder is severely wounded.
The adder bites you.
* * * LOW HITPOINT WARNING * * *
You are poisoned.
The adder poisons you! The adder bites you.
* * * LOW HITPOINT WARNING * * *
You are more poisoned.
The adder poisons you!
You hit the adder but do no damage. Your headbutt misses the adder.
The adder is severely wounded.
You die...

#.. #.# ####.##
####### #..... .....<#
#####.##.## #####.#
#>........######
###.###.###.#.%...)...
#...........).........
#.#.###.##...#@#######
#.#.# #..#.#.#S.# #
#.# #..._..#..# #.#
#.##.###..# #.#
#.##..##..[ #.#
#.###.##.#.. .. ..!
.##.#.. #.# .##.#...
#.# .#


You could see an adder.

Vanquished Creatures
  A bullfrog (D:2)
  2 leopard geckos (D:1)
  6 goblins (D:1)
  5 hobgoblins
  3 jackals (D:2)
  2 bats (D:1)
  3 frilled lizards (D:1)
  7 kobolds (D:1)
  A rat (D:1)
30 creatures vanquished.

Notes
Turn   | Place    | Note
-------+----------+-------------------------------------------
     0 | D:1      | nikopol the Minotaur Berserker began the quest for the Orb.
     0 | D:1      | Reached XP level 1. HP: 19/19 MP: 0/0
   140 | D:1      | Reached XP level 2. HP: 20/27 MP: 1/1
   168 | D:1      | Reached skill level 4 in Axes
   782 | D:2      | Found an opulent altar of Gozag.
   790 | D:2      | Reached XP level 3. HP: 22/33 MP: 2/2
   795 | D:2      | Noticed a bullfrog
   796 | D:2      | Reached ** piety under Trog
   801 | D:2      | Killed a bullfrog
   801 | D:2      | Reached skill level 5 in Axes
   801 | D:2      | Reached XP level 4. HP: 16/41 MP: 3/3
   810 | D:2      | HP: 2/41 [adder (3)]
   811 | D:2      | Succumbed to an adder's poison

Levels and vault maps discovered:
D:1:      minmay_arrival_widening_spiral_wide, layout_rooms, minmay_hexomino_c4
D:2:      layout_basic, lemuel_crystal_altar, minmay_misc_feat_ornament,
          uniq_robin

Skill      XL: |  1  2  3 |
---------------+----------+-----
Fighting       | 4 |  4.7
Axes           | 4 5 |  5.0
Armour         | |  2.8
Dodging        | |  2.7

Action                   |  1- 3 |  4- 6 || total
-------------------------+-------+-------++-------
Melee: Hand axe          |    58 |     6 ||    64
       Headbutt          |     6 |     4 ||    10
Invok: Berserk           |     1 |       ||     1
Armor: Animal skin       |    10 |       ||    10
Dodge: Dodged            |    37 |     2 ||    39

Table legend:
 A = Non-vault XP
 B = Vault XP
 C = Vault XP percentage of total XP
 D = Non-vault monster count
 E = Vault monster count
 F = Vault count percentage of total count
                 A         B        C        D         E       F
            +---------+---------+-------+---------+---------+-------
      Total |     127 |      12 |   8.6 |      23 |       7 |  23.3
            +---------+---------+-------+---------+---------+-------
        D:1 |      27 |      12 |  30.8 |      17 |       7 |  29.2
        D:2 |     100 |       0 |   0.0 |       6 |       0 |   0.0
            +---------+---------+-------+---------+---------+-------
